 Dungeon Crawl Stone Soup version 0.22-a0-75-g1fede22 (webtiles) character file.

156 tof the Slasher (level 5, -3/41 HPs)
             Began as a Demonspawn Monk on Jan 12, 2018.
             Was a Follower of Okawaru.
             Slain by Edmund
             ... wielding a +1 flail of holy wrath
              (9 damage)
             ... on level 4 of the Dungeon.
             The game lasted 00:05:08 (3612 turns).

tof the Slasher (Demonspawn Monk)                   Turns: 3612, Time: 00:05:09

Health: -3/41      AC:  5    Str: 12    XL:     5   Next: 15%
Magic:  0/6        EV: 11    Int: 11    God:    Okawaru [*.....]
Gold:   227        SH:  0    Dex: 16    Spells: 4/4 levels left

rFire    . . .     SeeInvis .   a - +0 falchion
rCold    . . .     Gourm    .   (no shield)
rNeg     . . .     Faith    .   m - +0 ring mail
rPois    .         Spirit   +   (helmet restricted)
rElec    .         Reflect  .   (no cloak)
rCorr    .         Harm     .   (no gloves)
MR       .....                  (no boots)
Stlth    +.........             (no amulet)
HPRegen  0.13/turn              (no ring)
MPRegen  0.10/turn              (no ring)

@: no status effects
A: horns 1, powered by pain 1, magic shield
a: Heroism, Renounce Religion


You were on level 4 of the Dungeon.
You worshipped Okawaru.
Okawaru was aware of your devotion.
You were not hungry.

You visited 1 branch of the dungeon, and saw 4 of its levels.

You collected 227 gold pieces.

Inventory:

Hand Weapons
 a - a +0 falchion (weapon)
 b - a +0 blowgun
Missiles
 q - a throwing net {!f}
 s - 28 poisoned needles
 t - 3 tomahawks (quivered)
Armour
 m - a +0 ring mail (worn)
Scrolls
 d - 2 scrolls of fear
 e - a scroll of identify
 f - 2 scrolls of blinking
 g - 3 scrolls of enchant weapon
 n - a scroll of fog {unknown}
Potions
 l - 2 potions of heal wounds
 o - a potion of mutation {unknown}
 p - 2 potions of ambrosia {unknown}
 u - 2 potions of degeneration {unknown}
 v - 2 potions of cancellation {unknown}
 w - a potion of berserk rage {unknown}
 x - a potion of curing {unknown}
 z - a potion of experience {unknown}
Comestibles
 c - 8 rations


   Skills:
 + Level 3.6 Fighting
 * Level 3.9 Long Blades
 + Level 1.6 Throwing
 + Level 1.6 Armour
 - Level 2.6 Dodging
 - Level 1.7 Stealth
 + Level 1.6 Invocations


You had 4 spell levels left.
You didn't know any spells.

Dungeon Overview and Level Annotations

Branches:
Dungeon (4/15)
 Temple: D:4-7

Altars:
Hepliaklqana
Kikubaaqudgha
Okawaru
Trog

Annotations:
D:4 Edmund


Innate Abilities, Weirdness & Mutations

You have a pair of small horns on your head.
You sometimes gain a little power by taking damage.
When hurt, damage is shared between your health and your magic reserves.


Message History

Edmund is moderately wounded.
Edmund hits you with a flail of holy wrath.
You convulse!
You hit Edmund.
Edmund is heavily wounded.
Edmund hits you with a flail of holy wrath.
You convulse.
* * * LOW HITPOINT WARNING * * *
You hit Edmund.
Edmund is heavily wounded.
Edmund hits you with a flail of holy wrath.
* * * LOW HITPOINT WARNING * * *
You convulse.
* * * LOW HITPOINT WARNING * * *
You hit Edmund. You headbutt Edmund, but do no damage.
Edmund is heavily wounded.
You barely miss Edmund. You headbutt Edmund, but do no damage.
Edmund is heavily wounded.
Edmund hits you with a flail of holy wrath!
You die...

#.#####......#####.#
#.# #####..........#
..# #....###.#....##
..# #....[<.....#.#
..###.##.##.....#.#
#........###....#.###
#######.............#
#########.##.######.#
(....((........@@.>.#
#####.#####.#######.#
###+##....# #.#
#......#### #.#
#......# #.#
........# #.#
#.......# #.#
#.......# #.#
..#..S#.# ### #.#


You could see Edmund.

Vanquished Creatures
  A worker ant (D:4)
  7 adders
  2 worms (D:2)
  A dart slug (D:2)
  8 leopard geckos
  5 orcs (D:3)
  A ball python (D:2)
  6 goblins
  4 hobgoblins (D:2)
  4 jackals (D:2)
  4 kobolds
  2 bats
  2 frilled lizards
  4 rats
51 creatures vanquished.

Notes
Turn   | Place    | Note
-------+----------+-------------------------------------------
     0 | D:1      | tof the Demonspawn Monk began the quest for the Orb.
     0 | D:1      | Reached XP level 1. HP: 18/18 MP: 1/1
   814 | D:2      | Gained mutation: You sometimes gain a little power by taking damage. [demonic ancestry]
   814 | D:2      | Reached XP level 2. HP: 24/24 MP: 2/2
   852 | D:2      | Found a bloodstained altar of Trog.
  1083 | D:2      | Gained mutation: When hurt, damage is shared between your health and your magic reserves. [demonic ancestry]
  1083 | D:2      | Reached XP level 3. HP: 27/29 MP: 3/3
  1167 | D:2      | Reached skill level 1 in Throwing
  1167 | D:2      | Reached skill level 1 in Armour
  1371 | D:2      | Found an iron altar of Okawaru.
  1390 | D:2      | Became a worshipper of Warmaster Okawaru
  1390 | D:2      | Reached * piety under Okawaru
  1390 | D:2      | Reached ** piety under Okawaru
  1845 | D:3      | Gained mutation: You have a pair of small horns on your head. [demonic ancestry]
  1845 | D:3      | Reached XP level 4. HP: 20/35 MP: 2/4
  2258 | D:3      | Reached skill level 1 in Invocations
  3255 | D:4      | Found an ancient bone altar of Kikubaaqudgha.
  3255 | D:4      | Found a hazy altar of Hepliaklqana.
  3297 | D:4      | Reached XP level 5. HP: 13/41 MP: 3/6
  3588 | D:4      | Noticed Edmund
  3612 | D:4      | Slain by Edmund

Vault maps used:
D:1:      dpeg_arrival_oval
D:2:      bloody_trog, okawaru_trees_1
D:4:      gammafunk_temple_overflow_elements, minmay_temple_entry_glass,
          first_ration, minmay_splitting_lines, uniq_edmund

Skill      XL: |  1  2  3  4 |
---------------+-------------+-----
Long Blades    | 3 |  3.9
Throwing       | 1 |  1.6
Armour         | 1 |  1.6
Invocations    | 1 |  1.6
Fighting       | |  3.6
Dodging        | |  2.6
Stealth        | |  1.7

Action                   |  1- 3 |  4- 6 || total
-------------------------+-------+-------++-------
Melee: Falchion          |   115 |    78 ||   193
       Headbutt          |       |    15 ||    15
 Fire: Blowgun           |       |    17 ||    17
Throw: Tomahawk          |       |     7 ||     7
  Use: Scroll            |       |     3 ||     3
       Potion            |       |     5 ||     5
 Stab: Sleeping          |     2 |     1 ||     3
  Eat: Chunk             |     3 |     6 ||     9
Armor: Robe              |     1 |       ||     1
       Ring mail         |    36 |    27 ||    63
Dodge: Dodged            |    67 |    54 ||   121
       Rpst.: Falchion   |    20 |    14 ||    34

Table legend:
 A = Spawn XP
 B = Non-spawn XP
 C = Spawn XP percentage of total XP
 D = Spawn monster count
 E = Non-spawn monster count
 F = Spawn count percentage of total count
 G = Total turns spent on level
                    A         B        C        D         E        F      G
               +---------+---------+-------+---------+---------+-------+---------
         Total |       0 |     224 |   0.0 |       0 |      51 |   0.0 |  3612
               +---------+---------+-------+---------+---------+-------+---------
           D:1 |       0 |      10 |   0.0 |       0 |       6 |   0.0 |   812
           D:2 |       0 |      79 |   0.0 |       0 |      25 |   0.0 |  1019
           D:3 |       0 |     100 |   0.0 |       0 |      18 |   0.0 |  1351
           D:4 |       0 |      35 |   0.0 |       0 |       2 |   0.0 |   430
               +---------+---------+-------+---------+---------+-------+---------
